 Dungeon Crawl Stone Soup version 0.13-a0-2725-gfd4ef73 (console) character file.

297 Illaniel the Charmwright (level 5, -6/34 HPs)
             Began as a High Elf Skald on Aug 19, 2013.
             Mangled by Pikel
             ... wielding a +0,+1 whip of electrocution
              (14 damage)
             ... on Level 3 of the Dungeon.
             The game lasted 00:13:42 (3995 turns).

Illaniel the Charmwright (High Elf Skald)           Turns: 3995, Time: 00:13:42

HP  -6/34        AC  6     Str 11      XL: 5   Next: 13%
MP   4/14        EV  9     Int 16      God:
Gold 143         SH  0     Dex 15      Spells:  4 memorised,  2 levels left

Res.Fire  : . . .   See Invis. : .   a - -1,+1 orc falchion
Res.Cold  : . . .   Warding    : +   x - +0 elf ring mail
Life Prot.: + . .   Conserve   : .   (no shield)
Res.Poison: .       Res.Corr.  : .   (no helmet)
Res.Elec. : .       Clarity    : .   (no cloak)
Sust.Abil.: . .     Spirit.Shd : .   r - +0 pair of gloves
Res.Mut.  : .       Stasis     : .   (no boots)
Res.Rott. : .       Flight     : .   j - amulet of warding {unknown}
Saprovore : . . .                    (no ring)
                                     (no ring)

@: very slightly contaminated, slightly resistant to hostile enchantments, very
unstealthy
A: no striking features
a: no special abilities


You were on level 3 of the Dungeon.
You were near starving.

You visited 2 branches of the dungeon, and saw 5 of its levels.

You collected 123 gold pieces.

Inventory:

Hand weapons
 a - a -1,+1 orcish falchion (weapon)
 u - a +0,+0 elven short sword
 v - a +0 blowgun
Missiles
 i - 60 stones (quivered)
 o - 36 poisoned needles
Armour
 r - a +0 pair of gloves (worn)
 x - a +0 elven ring mail (worn)
Magical devices
 l - a wand of teleportation (3)
Comestibles
 d - 2 bread rations
 n - a meat ration
Scrolls
 b - a scroll of magic mapping {unknown}
 e - 6 scrolls of identify {unknown}
 k - 2 scrolls of teleportation {unknown}
 p - a scroll of enchant armour {unknown}
 q - a scroll of amnesia {unknown}
 s - 3 scrolls of remove curse {unknown}
 w - a scroll of enchant weapon I {unknown}
Jewellery
 j - an amulet of warding (around neck) {unknown}
Potions
 f - a potion of invisibility {unknown}
 h - a potion of degeneration {unknown}
 m - 3 potions of curing
 t - 2 potions of might {unknown}
Books
 c - a book of Battle

   Spells                             Type                      Level
   *Infusion                          Charms                       1
   *Shroud of Golubria                Charms/Translocation         2
   *Song of Slaying                   Charms                       2
   *Spectral Weapon                   Hexes/Charms                 3
   Regeneration                       Charms/Necromancy            3
   Song of Shielding                  Charms                       4
 g - a book of Envenomations

   Spells                             Type                      Level
   Spider Form                        Transmutation/Poison         3
   Poison Weapon                      Charms/Poison                3
   Summon Scorpions                   Summoning/Poison             4
   Olgreb's Toxic Radiance            Poison                       4
   Poisonous Cloud                    Conjuration/Poison/Air       6


   Skills:
 - Level 2.9 Fighting
 - Level 2.4 Short Blades
 * Level 2.9 Long Blades
 + Level 2.1 Armour
 + Level 2.2 Dodging
 - Level 3.2 Spellcasting
 - Level 4.1 Charms


You had 2 spell levels left.
You knew the following spells:

 Your Spells              Type           Power        Failure   Level  Hunger
a - Infusion              Chrm           ###...       4%          1    None
b - Song of Slaying       Chrm           ###.......   8%          2    ##.....
c - Spectral Weapon       Hex/Chrm       #.......     28%         3    ###....
h - Shroud of Golubria    Chrm/Tloc      #.........   14%         2    ##.....


Dungeon Overview and Level Annotations

Branches:
Dungeon (4/27)             Temple (1/1) D:4

Altars:
Ashenzari
Cheibriados
Elyvilon
Fedhas
Kikubaaqudgha
Makhleb
Nemelex Xobeh
Sif Muna
Trog
Vehumet
Xom
Yredelemnul
the Shining One

Annotations
D:3 Pikel
D:4 tesudzi's ghost, average DsCK


Message History

A giant gecko comes into view.
Your attacks are no longer magically infused.
Your song is almost over.
The giant gecko bites you but does no damage.
The giant gecko bites you.
There is a stone staircase leading up here.
Your song has ended.
The giant gecko bites you but does no damage.
Pikel hits you with a runed whip.
You climb upwards.
There is a stone staircase leading down here.
You barely miss the giant gecko.
The giant gecko bites you but does no damage.
Pikel closely misses you.
You miss the giant gecko.
The giant gecko bites you but does no damage.
Pikel hits you with a runed whip.
* * * LOW HITPOINT WARNING * * *
You are electrocuted!
You die...

▒▒▒▒▒∙▒ ▒▒▒▒▒'▒▒▒▒▒▒ ▒▒▒▒
▒▒▒▒▒▒▒'▒▒▒▒▒ ▒∙∙∙∙▒ ▒▒
▒∙∙∙∙∙∙∙∙∙∙∙▒▒▒▒'▒▒▒▒▒▒ ▒∙
▒∙∙∙∙∙∙∙∙∙∙∙▒▒∙∙∙∙∙∙∙∙▒▒▒▒ ▒▒▒▒)
▒∙∙∙∙∙∙∙∙∙∙∙▒▒∙∙∙∙∙∙∙∙'∙∙▒▒▒∙∙∙∙
▒∙∙∙∙∙∙∙∙∙∙∙∙∙∙∙∙∙∙∙∙∙▒▒∙∙▒▒∙∙∙∙
▒▒∙∙∙∙∙∙∙∙∙∙∙∙▒∙∙∙∙∙∙∙∙▒▒▒∙∙▒∙∙∙∙
∙)∙∙∙∙∙∙∙∙∙∙∙∙▒∙∙∙∙∙∙∙∙▒ ▒▒∙'∙∙∙∙
∙▒∙∙∙∙∙∙∙∙∙∙∙∙▒∙∙∙∙∙∙∙∙▒ ▒▒▒∙∙∙∙
▒▒∙∙∙∙∙∙∙∙∙∙∙▒▒▒l▒▒▒▒▒▒▒ ▒∙∙∙∙
▒▒▒▒▒▒▒▒'▒▒▒▒ ▒@K∙∙▒ ▒∙∙∙∙ ▒∙▒
▒▒▒▒∙▒▒ ▒▒▒∙∙ ▒∙▒ ▒∙∙▒ ▒▒▒▒▒ ▒∙▒
▒▒'▒▒▒ ▒∙∙∙∙ ▒∙▒ ▒∙∙∙∙▒▒▒▒▒▒∙∙∙∙
▒▒▒▒ ▒▒▒∙▒ ▒∙∙∙∙▒▒∙∙∙∙∙∙∙∙
∙∙∙▒▒▒▒∙∙∙▒ ▒∙∙∙∙'∙∙▒▒▒∙∙∙∙
▒▒∙▒▒∙∙∙▒▒▒ ▒∙∙∙∙▒▒▒▒ ▒∙∙∙∙
▒∙∙∙∙▒▒▒▒▒ ▒∙∙∙∙▒ ▒∙∙∙∙
▒▒▒∙∙∙∙∙∙▒▒▒▒▒▒▒▒▒∙∙∙∙▒ ▒∙)∙∙
▒▒∙▒▒▒∙∙∙∙∙∙∙∙∙■∙∙∙∙▒ ▒▒▒▒▒


You could see Pikel and a giant gecko.

Vanquished Creatures
  A slave (D:3)
  A hound (D:4)
  A worker ant (D:4)
  3 adders
  A giant mite (D:1)
  An inept feature mimic (D:3)
  2 worms (D:3)
  3 orcs
  4 bats
  7 hobgoblins
  10 jackals
  2 ball pythons
  2 giant cockroaches
  3 giant newts
  A goblin (D:1)
  7 kobolds
  An orc skeleton (D:4)
  6 rats
56 creatures vanquished.

Notes
Turn   | Place    | Note
--------------------------------------------------------------
     0 | D:1      | Illaniel, the High Elf Skald, began the quest for the Orb.
     0 | D:1      | Reached XP level 1. HP: 13/13 MP: 4/4
   113 | D:1      | Reached skill level 1 in Armour
   307 | D:1      | Reached XP level 2. HP: 15/18 MP: 0/6
   311 | D:1      | Learned a level 2 spell: Shroud of Golubria
   884 | D:2      | Found a white marble altar of Elyvilon.
  1128 | D:2      | Found a white marble altar of Elyvilon.
  1144 | D:2      | Reached XP level 3. HP: 21/23 MP: 3/9
  1150 | D:2      | Learned a level 3 spell: Spectral Weapon
  1175 | D:2      | Reached skill level 4 in Charms
  2464 | D:3      | Learned a level 2 spell: Song of Slaying
  2478 | D:3      | Reached XP level 4. HP: 12/29 MP: 0/12
  2677 | D:3      | Reached skill level 1 in Long Blades
  2750 | D:4      | Noticed tesudzi's ghost (average DsCK)
  2760 | D:4      | Paralysed by tesudzi's ghost for 4 turns
  3014 | D:4      | Reached XP level 5. HP: 29/34 MP: 5/14
  3016 | D:4      | Found a staircase to the Ecumenical Temple.
  3025 | Temple   | Entered the Ecumenical Temple
  3585 | D:4      | Noticed a slave
  3586 | D:4      | Noticed a slave
  3610 | D:4      | Noticed a slave
  3667 | D:3      | Killed a slave
  3970 | D:4      | Noticed Pikel
  3974 | D:4      | Noticed a slave
  3995 | D:3      | Mangled by Pikel

Action                   |  1- 3 |  4- 6 || total
-------------------------+-------+-------++-------
Melee: Short sword       |   136 |     4 ||   140
       Falchion          |       |    47 ||    47
 Fire: Blowgun           |       |     7 ||     7
 Cast: Infusion          |    20 |     9 ||    29
       Shroud of Golubri |     5 |     3 ||     8
       Spectral Weapon   |     4 |     6 ||    10
       Song of Slaying   |       |     1 ||     1
Evoke: Wand              |       |     2 ||     2
  Use: Potion            |     2 |     1 ||     3
 Stab: Distracted        |       |     1 ||     1
